 Dungeon Crawl Stone Soup version 0.17-a0-1397-g0eee0a3 (webtiles) character file.

451 Fluffy the Cudgeler (level 7, 0/41 HPs)
             Began as a Gargoyle Fighter on June 17, 2015.
             Killed by divine providence
             ... invoked by an orc priest
              (13 damage)
             ... on level 5 of the Dungeon.
             The game lasted 00:07:30 (2971 turns).

Fluffy the Cudgeler (Gargoyle Fighter)              Turns: 2971, Time: 00:07:30

Health: 0/41       AC: 12    Str: 19    XL:     7   Next: 4%
Magic:  7/7        EV:  5    Int:  9    God:
Gold:   156        SH:  9    Dex: 11    Spells: 0 memorised, 6 levels left

rFire  . . .     SeeInvis .     a - +0 flail
rCold  . . .     Clarity  .     h - -1 chain mail (curse)
rNeg   + . .     SustAt   .     c - +0 shield
rPois  ∞         Gourm    .     (no helmet)
rElec  +         Spirit   .     (no cloak)
rCorr  .         Warding  .     (no gloves)
rMut   .         Stasis   .     (no boots)
MR     .....                    q - amulet of rage
Stlth  ..........               (no ring)
                                (no ring)

@: not resistant to hostile enchantments, extremely unstealthy
A: negative energy resistance 1, electricity resistance, unbreathing,
petrification resistance, rot immunity, AC +4
a: Evoke Berserk Rage


You were on level 5 of the Dungeon.
You were not hungry.

You visited 1 branch of the dungeon, and saw 5 of its levels.

You collected 156 gold pieces.

Inventory:

Hand weapons
 a - a +0 flail (weapon)
Missiles
 r - 6 javelins of penetration (quivered)
Armour
 b - a +0 scale mail
 c - a +0 shield (worn)
 h - a cursed -1 chain mail (worn)
 n - a cursed +0 chain mail
Jewellery
 q - an amulet of rage (around neck)
Magical devices
 s - a wand of cold (9)
Scrolls
 g - a scroll of magic mapping
Potions
 d - 3 potions of might
 f - 2 potions of flight
 j - 2 potions of agility
 k - 2 potions of magic
 l - a potion of ambrosia {unknown}
 m - 2 potions of curing
 o - a potion of haste {unknown}
Comestibles
 e - 5 bread rations
 i - 7 fruits
 p - 2 chunks of flesh


   Skills:
 - Level 3.2 Fighting
 + Level 7.3 Maces & Flails
 - Level 3.2 Armour
 - Level 3.2 Shields


You had 6 spell levels left.
You didn't know any spells.

Dungeon Overview and Level Annotations

Branches:
Dungeon (5/15)             Temple (0/1) D:4

Altars:
Elyvilon
Makhleb
Qazlal
Vehumet
Zin

Annotations:
D:3 Fluffy's ghost, average GrFi


Innate Abilities, Weirdness & Mutations

You are resistant to torment.
Your stone body is resilient (AC +4).
You are immune to poison.
You resist negative energy.
You are resistant to electric shocks.
You can survive without breathing.
You are immune to petrification.
You are immune to rotting.


Message History

The orc priest is heavily wounded.
The orc priest hits you but does no damage.
Your chain mail prevents you from hitting the orc priest.
The orc priest is heavily wounded.
The orc priest hits you but does no damage.
An orc priest comes into view.
The orc priest shouts!
You hit the orc priest.
The orc priest is almost dead.
The orc priest hits you but does no damage.
You thump the orc priest!
You kill the orc priest!
You have reached level 7!
You block the orc's attack.
The orc priest looks braver.
Things that are here:
a club; an orc corpse The orc priest mumbles some strange prayers to Beogh against you.
Something smites you!
You die...

######## ##......##
##........########
#..........).....#
#..........#####..#
#..........# #.#
#.....o....# #§...§#
#.....)....####.....##
##...@....###...._....
##........###.#.....#.
#.o........#..#§...§#.
#.o........#..###.###.
#...........#..........
#...........##.........
#..................#...#
...#..............######
o...##.............#


You could see an orc priest and 2 orcs.

Vanquished Creatures
  A giant frog zombie (D:5)
  An orc wizard (D:3)
  An orc priest (D:5)
  A gnoll shaman (D:4)
  A hound (D:2)
  An iguana (D:4)
  3 worker ants
  3 gnolls (D:4)
  8 adders
  An ooze (D:3)
  5 worms
  3 giant geckos
  5 orcs
  A bat skeleton (D:4)
  3 giant cockroaches
  12 goblins
  10 hobgoblins
  5 jackals
  A quokka (D:4)
  7 bats
  A giant gecko skeleton (D:5)
  7 giant newts
  A jackal zombie (D:5)
  8 kobolds
  10 rats
100 creatures vanquished.

Notes
Turn   | Place    | Note
--------------------------------------------------------------
     0 | D:1      | Fluffy the Gargoyle Fighter began the quest for the Orb.
     0 | D:1      | Reached XP level 1. HP: 14/14 MP: 1/1
    84 | D:1      | Reached XP level 2. HP: 16/19 MP: 2/2
   354 | D:1      | Reached XP level 3. HP: 19/23 MP: 3/3
   508 | D:2      | Found a radiant altar of Vehumet.
   514 | D:2      | Found a white marble altar of Elyvilon.
   579 | D:2      | Reached skill level 4 in Maces & Flails
   587 | D:2      | Reached XP level 4. HP: 26/28 MP: 4/4
   644 | D:2      | Found a burning altar of Makhleb.
  1067 | D:3      | Reached skill level 5 in Maces & Flails
  1067 | D:3      | Reached XP level 5. HP: 29/32 MP: 5/5
  1306 | D:3      | Found a faded altar to an unknown god.
  1306 | D:3      | Noticed Fluffy's ghost (average GrFi)
  2197 | D:4      | Reached skill level 6 in Maces & Flails
  2197 | D:4      | Reached XP level 6. HP: 37/37 MP: 6/6
  2558 | D:4      | Found a staircase to the Ecumenical Temple.
  2618 | D:4      | Found a glowing silver altar of Zin.
  2841 | D:5      | Entered Level 5 of the Dungeon
  2880 | D:5      | Found a stormy altar of Qazlal.
  2901 | D:5      | Reached skill level 7 in Maces & Flails
  2969 | D:5      | Reached XP level 7. HP: 13/41 MP: 7/7
  2971 | D:5      | Killed from afar by an orc priest

Vault maps used:
D:1:      lemuel_arrival_river_ford
D:2:      makhleb_blood_cavern_becter, grunt_temple_overflow_open, first_bread
D:3:      ecumenical_altar_1
D:4:      kennysheep_mini, minmay_temple_entry_from_below_a
D:5:      lemuel_castle_with_subvaults, kennysheep_little_box,
          kennysheep_mini_moat, grunt_dithmenos_shadows, grunt_qazlal_clouds

Action                   |  1- 3 |  4- 6 |  7- 9 || total
-------------------------+-------+-------+-------++-------
Melee: Flail             |   120 |   333 |       ||   453
  Use: Scroll            |     5 |     5 |       ||    10
       Potion            |       |     1 |       ||     1
  Eat: Chunk             |       |     8 |       ||     8
